 Dungeon Crawl Stone Soup version 0.21-a0-414-gba8bdf1 (webtiles) character file.

17 mhoghedin the Sneak (level 2, 0/11 HPs)
             Began as a Felid Venom Mage on Nov 2, 2017.
             Slain by an ooze (3 damage)
             ... on level 1 of the Dungeon.
             The game lasted 00:02:42 (891 turns).

mhoghedin the Sneak (Felid Venom Mage)               Turns: 891, Time: 00:02:43

Health: 0/11       AC:  1    Str:  4    XL:     2   Next: 44%
Magic:  3/6        EV: 18    Int: 16    God:
Gold:   18         SH:  0    Dex: 16    Spells: 4/5 levels left
                                        Lives:  0   Deaths: 0

rFire    . . .     SeeInvis +   (weapon unavailable)
rCold    . . .     Gourm    .   (shield unavailable)
rNeg     . . .     Faith    .   (armour unavailable)
rPois    .         Spirit   .   (helmet unavailable)
rElec    .         Reflect  .   (cloak unavailable)
rCorr    .         Harm     .   (gloves unavailable)
MR       .....                  (boots unavailable)
Stlth    +++.......             (no amulet)
HPRegen  0.03/turn              (no ring)
MPRegen  0.10/turn              (no ring)

@: quick
A: no armour, no weapons or thrown items, stealth, claws 1, fangs 3, see
invisible, carnivore 3, speed 1, shaggy fur 1, slow metabolism 1, sharp paws
a: no special abilities


You were on level 1 of the Dungeon.
You were not hungry.

You visited 1 branch of the dungeon, and saw 1 of its levels.

You collected 18 gold pieces.

Inventory:

Scrolls
 c - 2 scrolls of teleportation {unknown}
 d - 2 scrolls of identify {unknown}
 f - a scroll of enchant weapon {unknown}
Potions
 e - 2 potions of curing {unknown}
Books
 a - a Young Poisoner's Handbook
Comestibles
 b - a meat ration {@e2}


   Skills:
 + Level 3.1 Dodging
 + Level 3.2 Stealth
 + Level 2.2 Spellcasting
 - Level 0.8 Conjurations
 + Level 2.9 Poison Magic


You had 4 spell levels left.
You knew the following spells:

 Your Spells              Type           Power        Failure   Level  Hunger
a - Sting                 Conj/Pois      #...         10%         1    #......


Dungeon Overview and Level Annotations

Branches:
Dungeon (1/15)

Altars:


Innate Abilities, Weirdness & Mutations

You cannot wear armour.
You are incapable of wielding weapons or throwing items.
Your paws allow you to move quietly. (Stealth)
You have sharp claws.
You have razor-sharp teeth.
You have supernaturally acute eyesight. (SInv)
You are carnivorous and can eat meat at any time.
You cover ground quickly.
You are covered in fur. (AC +1)
You have a slow metabolism.
Your sharp claws are effective at attacking unaware monsters.


Message History

The goblin throws a stone.
The stone hits you.
You take 2 damage, and have 9/11 hp.
You now have 5/6 mp.
Unknown command.
Aim: a goblin, wielding an enchanted dagger The sting hits the goblin.
The goblin is poisoned.
The goblin throws a stone.
The stone misses you.
You now have 4/6 mp.
Aim: a goblin, wielding an enchanted dagger (heavily wounded, poisoned)
The sting hits the goblin.
You kill the goblin!
You now have 3/6 mp.
Aim: a rat The sting hits the rat.
You kill the rat!
You now have 2/6 mp.
You start resting.
A ball python comes into view.
You regained 3 mp, and now have 5/6 mp.
The ball python hisses angrily.
Aim: a ball python The sting hits the ball python.
The ball python is poisoned.
You kill the ball python!
You now have 4/6 mp.
Found a glowing robe.
Found a stone staircase leading down.
e - a viscous blue potion;
f - a scroll labeled QOUNIMMIOCI
Things that are here:
an enchanted dagger; 26 stones; a rat corpse You see here a glowing robe.
A dart slug comes into view.
MP restored: 6 A dart slug is nearby!
You start resting.
Health restored: 11 A rat comes into view.
Aim: a rat The sting misses the rat.
You now have 5/6 mp.
Aim: a rat The sting hits the rat.
The rat is poisoned.
You now have 4/6 mp.
Aim: a rat (moderately wounded, poisoned)
You miscast Sting.
You are very lightly contaminated with residual magic.
You smell something strange.
You now have 3/6 mp.
Aim: a rat (moderately wounded, poisoned)
The sting hits the rat.
You kill the rat!
You now have 2/6 mp.
You start resting.
Your magical contamination has completely faded away.
You regained 2 mp, and now have 4/6 mp.
You start resting.
MP restored: 6
c - 2 scrolls labeled COAKIOZARI (gained 1)
e - 2 viscous blue potions (gained 1)
A giant cockroach comes into view.
A giant cockroach is nearby!
Aim: a giant cockroach (clinging, resting)
The sting hits the giant cockroach.
The giant cockroach is poisoned.
You kill the giant cockroach!
You now have 5/6 mp.
You see here a giant cockroach corpse.
You see here 8 javelins of returning.
An ooze comes into view.
MP restored: 6 An ooze is nearby!
Aim: an ooze (resting)
The sting hits the ooze.
The ooze completely resists.
The ooze quivers.
You now have 5/6 mp.
Aim: an ooze The sting hits the ooze.
You now have 4/6 mp.
Aim: an ooze (lightly wounded)
The sting hits the ooze.
The ooze completely resists.
You now have 3/6 mp.
You scratch the ooze but do no damage. Your bite misses the ooze.
The ooze closely misses you.
You scratch the ooze. You bite the ooze. The ooze completely misses you.
You scratch the ooze. You bite the ooze. The ooze misses you.
You scratch the ooze but do no damage. The ooze barely misses you.
You scratch the ooze. The ooze closely misses you.
You scratch the ooze but do no damage. You bite the ooze. The ooze hits you.
You take 3 damage, and have 8/11 hp.
MASSIVE DAMAGE!!
You scratch the ooze but do no damage. Your bite misses the ooze.
The ooze closely misses you.
You barely miss the ooze. The ooze hits you.
You take 1 damage, and have 7/11 hp.
You scratch the ooze but do no damage. The ooze barely misses you.
You scratch the ooze but do no damage. The ooze hits you.
* * * LOW HITPOINT WARNING * * *
You take 4 damage, and have 3/11 hp.
MASSIVE DAMAGE!!
Aim: an ooze (severely wounded)
The sting hits the ooze.
The ooze completely resists.
The ooze misses you.
You now have 3/6 mp.
You scratch the ooze. The ooze hits you.
You die...

##§§§≈§§≈≈##.#.#...#.##.#.##.
###########.#.#...#.##.#.##.
#...#.#.#...#..#.#.##.
#.........#(#.##.#....
###.#.#.#.....##.#.##.
#.#.#.#.#†####.#.##.
#.....#.#.####.####.
###.###.#........... #@#
########.#####
#.J.?.............
##################


You could see an ooze.

Vanquished Creatures
  A leopard gecko (D:1)
  A ball python (D:1)
  A giant cockroach (D:1)
  3 goblins (D:1)
  4 bats (D:1)
  A frilled lizard (D:1)
  2 kobolds (D:1)
  3 rats (D:1)
16 creatures vanquished.

Notes
Turn   | Place    | Note
-------+----------+-------------------------------------------
     0 | D:1      | mhoghedin the Felid Venom Mage began the quest for the Orb.
     0 | D:1      | Reached XP level 1. HP: 7/7 MP: 4/4
   407 | D:1      | Reached skill level 3 in Stealth
   534 | D:1      | Reached skill level 3 in Dodging
   534 | D:1      | Reached XP level 2. HP: 11/11 MP: 1/6
   891 | D:1      | Slain by an ooze

Vault maps used:
D:1:      saegor_arrival_miasma, hex_large

Skill      XL: |  1 |
---------------+----+-----
Stealth        | 3 |  3.2
Dodging        | 3 |  3.1
Spellcasting   | |  2.2
Conjurations   | |  0.8
Poison Magic   | |  2.9

Action                   || total
-------------------------++-------
Melee: Unarmed           ||    21
       Bite              ||     3
 Cast: Sting             ||    35
  Eat: Chunk             ||     3
Armor: Skin              ||     5
Dodge: Dodged            ||    32

Table legend:
 A = Spawn XP
 B = Non-spawn XP
 C = Spawn XP percentage of total XP
 D = Spawn monster count
 E = Non-spawn monster count
 F = Spawn count percentage of total count
 G = Total turns spent on level
                    A         B        C        D         E        F      G
               +---------+---------+-------+---------+---------+-------+---------
         Total |       0 |      25 |   0.0 |       0 |      16 |   0.0 |   891
               +---------+---------+-------+---------+---------+-------+---------
           D:1 |       0 |      25 |   0.0 |       0 |      16 |   0.0 |   891
               +---------+---------+-------+---------+---------+-------+---------

Vault maps used:
D:1:      saegor_arrival_miasma, hex_large

Table legend:
 A = Turns spent in this place as a percentage of turns spent in the entire game.
 B = Non-inter-level travel turns spent in this place as a percentage of non-inter-level travel turns spent in the entire game.
 C = Inter-level travel turns spent in this place as a percentage of turns spent in this place.
 D = Turns resting spent in this place as a percentage of non-inter-level travel turns spent in this place.
 E = Turns spent auto-exploring this place as a percentage of non-inter-level travel turns spent in this place.
 F = Non-inter-level travel turns spent in this place divided by the number of levels of this place that you've seen.
                   A       B       C       D       E      F
               +-------+-------+-------+-------+-------+----------------------
         Total | 100.0 | 100.0 |   0.0 |  50.6 |  32.3 | 891.0
       Dungeon | 100.0 | 100.0 |   0.0 |  50.6 |  32.3 | 891.0
               +-------+-------+-------+-------+-------+----------------------

Table legend:
 A = Kills in this place as a percentage of kills in entire the game.
 B = Kills by you in this place as a percentage of kills by you in the entire game.
 C = Kills by friends in this place as a percentage of kills by friends in the entire game.
 D = Other kills in this place as a percentage of other kills in the entire game.
 E = Experience gained in this place as a percentage of experience gained in the entire game.
 F = Experience gained in this place divided by the number of levels of this place that you have seen.
                   A       B       C       D       E      F
               +-------+-------+-------+-------+-------+----------------------
         Total | 100.0 | 100.0 |   N/A |   N/A | 100.0 |  25.0
       Dungeon | 100.0 | 100.0 |   N/A |   N/A | 100.0 |  25.0
               +-------+-------+-------+-------+-------+----------------------
